 Dungeon Crawl Stone Soup version 0.29.1-15-g9cfb28693d (webtiles) character file.

Game seed: 3638421680696417684

363 EarthwalkerPL the Covered (level 6, -1/53 (56) HPs)
             Began as a Minotaur Fighter on Mar 22, 2023.
             Slain by a wight
             ... wielding a +1 dire flail
              (11 damage)
             ... on level 7 of the Dungeon.
             The game lasted 00:07:35 (4169 turns).

EarthwalkerPL the Covered (Minotaur Fighter)        Turns: 4169, Time: 00:07:36

HP:   -1/53 (56)    AC:  7    Str: 22    XL:     6   Next: 39%
MP:   5/5           EV:  9    Int:  5    God:
Gold: 191           SH:  4    Dex: 10    Spells: 5/5 levels left

rFire   . . .      SeeInvis .   a - +0 war axe
rCold   . . .      Faith    .   c - +0 buckler
rNeg    . . .      Spirit   .   b - +0 scale mail
rPois   +          Reflect  .   (helmet restricted)
rElec   .          Harm     .   (no cloak)
rCorr   .          Rampage  .   (no gloves)
Will    .....                   (no boots)
Stlth   ..........              (no amulet)
HPRegen 0.17/turn               y - ring of poison resistance
MPRegen 0.09/turn               (no ring)

@: drained
A: horns 2, retaliatory headbutt
a: no special abilities


You were on level 7 of the Dungeon.
You visited 1 branch of the dungeon, and saw 7 of its levels.

You collected 191 gold pieces.

Inventory:

Hand Weapons
 a - a +0 war axe (weapon)
Missiles
 r - 2 throwing nets
 t - 7 poisoned darts (quivered)
 B - 2 boomerangs
Armour
 b - a +0 scale mail (worn)
 c - a +0 buckler (worn)
Jewellery
 y - a ring of poison resistance (left hand)
Wands
 s - a wand of flame (17)
 C - a wand of digging (6)
Scrolls
 f - a scroll of vulnerability {unknown}
 h - a scroll of immolation {unknown}
 i - a scroll of torment {unknown}
 k - 2 scrolls of summoning {unknown}
 l - 5 scrolls of identify {unknown}
 m - 2 scrolls of enchant weapon {unknown}
 p - a scroll of teleportation {unknown}
 u - 2 scrolls of magic mapping {unknown}
 v - a scroll of noise {unknown}
Potions
 d - 2 potions of might
 e - a potion of magic {unknown}
 g - 3 potions of ambrosia {unknown}
 j - a potion of berserk rage {unknown}
 n - a potion of degeneration {unknown}
 o - a potion of invisibility {unknown}
 q - a potion of brilliance {unknown}
 w - a potion of mutation {unknown}
 x - a potion of heal wounds {unknown}
 z - a potion of haste {unknown}
 A - a potion of curing {unknown}
 D - a potion of flight {unknown}


   Skills:
 * Level 5.6 Fighting
 * Level 4.7 Axes
 * Level 5.6 Armour
 + Level 4.5 Shields


You had 5 spell levels left.
You didn't know any spells.
Your spell library contained the following spells:

 Spells                   Type           Power      Damage    Failure   Level
 Necrotise                Necr           0%         1d4       86%         1
 Sublimation of Blood     Necr           0%         N/A       95%         2
 Wereblood                Tmut           0%         N/A       95%         2
 Summon Forest            Summ/Tloc      0%         N/A       100%        5
 Eringya's Noxious Bog    Tmut/Pois      0%         N/A       100%        6
 Summon Hydra             Summ           0%         N/A       100%        7


Dungeon Overview and Level Annotations

Branches:
Dungeon (8/15)
 Temple: D:4-7         Lair: D:8-11

Altars:
Ashenzari
Kikubaaqudgha
Qazlal
Sif Muna
Vehumet
Xom

Shops:
D:1 ?   D:4 (


Innate Abilities, Weirdness & Mutations

You have a pair of horns on your head.
You reflexively headbutt those who attack you in melee.


Message History

You climb upwards.
You hear the hiss of flowing sand.
There is an entrance to an ossuary on this level.
Hurry and find it before the portal is buried!
Found a pink potion.
Found an escape hatch in the floor.
There is a stone staircase leading down here.
You throw a poisoned dart. The poisoned dart hits the wight.
You throw a poisoned dart. The poisoned dart hits the wight.
You throw a poisoned dart. The poisoned dart hits the wight.
You hit the wight.
The wight is lightly damaged.
The wight hits you but does no damage.
You barely miss the wight. Your headbutt misses the wight.
The wight is lightly damaged.
The wight hits you with a +3 falchion.
You feel drained.
You hit the wight. You headbutt the wight!
The wight is almost destroyed.
You hit the wight. The wight hits you with a +3 falchion.
The wight hits you with a +1 dire flail! x2
The wight barely misses you.
You are too injured to fight recklessly!
You are too injured to fight recklessly!
Unknown command.
You closely miss the wight.
The wight is lightly damaged.
You hit the wight but do no damage. The wight barely misses you.
The wight hits you with a +1 dire flail.
Unknown command.
You barely miss the wight. You headbutt the wight.
The wight is moderately damaged.
You closely miss the wight. The wight hits you with a +3 falchion.
You feel drained. You block the wight's attack.
Unknown command.
You hit the wight but do no damage.
The wight is moderately damaged.
You hit the wight but do no damage. The wight hits you with a +3 falchion.
* * * LOW HITPOINT WARNING * * *
You feel drained.
* * * LOW HITPOINT WARNING * * *
The wight hits you with a +1 dire flail!
You die...

#.##.#.#...
#......!.>
#.........
#..(.....
....(....
........#
......zz#
.......@#
#...##.## #
... .....
######


You could see 2 wights.

Vanquished Creatures
  A killer bee (D:5)
  A hound (D:4)
  2 orc priests (D:3)
  Ijyb (D:4)
  An iguana (D:4)
  An orc wizard (D:3)
  A gnoll (D:1)
  4 adders
  3 worms
  9 orcs
  2 bats
  9 endoplasms
  2 giant cockroaches
  12 goblins
  4 hobgoblins
  10 jackals
  3 quokkas
  11 ball pythons
  2 frilled lizards
  4 kobolds
  5 rats
88 creatures vanquished.

Notes
Turn   | Place    | Note
-------+----------+-------------------------------------------
     0 | D:1      | EarthwalkerPL the Minotaur Fighter began the quest for the
                  | Orb.
     0 | D:1      | Reached XP level 1. HP: 19/19 MP: 0/0
    79 | D:1      | Reached XP level 2. HP: 24/27 MP: 1/1
   464 | D:1      | Reached XP level 3. HP: 33/33 MP: 2/2
   620 | D:1      | Found Vezoilug's Magic Scroll Shoppe.
   791 | D:2      | Found a broken altar of Ashenzari.
  1543 | D:3      | Reached XP level 4. HP: 41/41 MP: 3/3
  1546 | D:3      | Found a faded altar of an unknown god.
  1967 | D:3      | Found a shimmering altar of Xom.
  2101 | D:3      | Reached XP level 5. HP: 34/47 MP: 4/4
  2104 | D:3      | Reached skill level 5 in Fighting
  2104 | D:3      | Reached skill level 5 in Armour
  2400 | D:3      | Found an ancient bone altar of Kikubaaqudgha.
  2404 | D:3      | Found a shimmering blue altar of Sif Muna.
  2405 | D:3      | Found a radiant altar of Vehumet.
  2408 | D:3      | Got Kikubaaqudgha's Incunabulum of Gloom
  2670 | D:4      | Found Hucseot's Antique Weapon Boutique.
  2701 | D:4      | Found a stormy altar of Qazlal.
  2868 | D:4      | Noticed Ijyb
  2877 | D:4      | Killed Ijyb
  3209 | D:4      | Reached XP level 6. HP: 35/56 MP: 5/5
  3768 | D:5      | Entered Level 5 of the Dungeon
  3849 | D:5      | Noticed a water moccasin
  4157 | D:5      | You fall into a shaft and drop 3 floors!
  4169 | D:7      | Slain by a wight

Illustrated notes

Levels and vault maps discovered:
D:1:      psy_arrival_heroes, layout_basic, serial_shops,
          nicolae_shop_waterfront
D:2:      layout_loops_ring, basic_altar, minmay_pentomino_pile
D:3:      layout_basic, grunt_temple_overflow_magic_moments,
          mainiacjoe_overflow_tiny_flanked, ebering_ecumenical_altar_box
D:4:      layout_basic, grunt_qazlal_sundering, serial_shops, shop_fountains,
          nicolae_figureground_pulse, uniq_ijyb
D:5:      minmay_skewed_foursquare, layout_gridville, nicolae_uskayaw_suspiria,
          kennysheep_mini, kb_lookout_dungeons_type, uniq_grinder
D:7:      layout_rooms, serial_glass, glass_columns_b, glass_columns_a,
          lightli_ossuary_entry_decrepit_ruins, hangedman_decor_diamond_cutter,
          corexii_leaking_fountain, nicolae_zen_rock_garden
D:8:      minmay_flawed_box, layout_cave_pools, minmay_lair_entry_grove,
          st_stairs_7, uniq_maggie, uniq_amaemon, uniq_maurice

Skill      XL: |  1  2  3  4  5 |
---------------+----------------+-----
Armour         | 4 5 |  5.6
Fighting       | 4 5 |  5.6
Axes           | 3 4 |  4.7
Shields        | 4 |  4.5

Action                   |  1- 3 |  4- 6 || total
-------------------------+-------+-------++-------
Melee: War axe           |    67 |   109 ||   176
       Headbutt          |    10 |    16 ||    26
Throw: Dart              |       |     8 ||     8
Armor: Scale mail        |    31 |    36 ||    67
Dodge: Dodged            |    30 |    47 ||    77
Block: Buckler           |    23 |    20 ||    43
